Map: Ruins of Seras

Players

GoodVibes

  • Race: Protoss Protoss

Univerze

  • Race: Protoss Protoss

Shamanas

  • Race: Zerg Zerg

Whiplash

  • Race: Zerg Zerg

VOD

Have the link to the VOD?

Description

Time

  • Played on: May 1, 2015, 6:24 a.m.
  • Length: 19:09
Show
View Real Time Build Order
Export as new Build Order

GoodVibes Protoss 

Build Orders:  

Get SALT Encoding   

  12  0:01  Probe  
  13  0:16  Pylon  
  13  0:23  Probe  
  14  0:35  Gateway  
  14  0:37  Probe (Chrono Boost)  
  15  0:48  Probe (Chrono Boost)  
  15  0:49  Assimilator  
  16  0:55  Probe  
  17  1:07  Probe (Chrono Boost)  
  18  1:12  Pylon  
  18  1:17  Probe (Chrono Boost)  
  19  1:23  Cybernetics Core  
  19  1:24  Probe  
  20  1:30  Zealot  
  22  1:36  Probe  
  23  1:48  Probe  
  23  1:51  Assimilator  
  24  1:59  Warp Gate  
  24  2:10  Mothership Core  
  26  2:20  Nexus  
  26  2:26  Adept  
  28  2:31  Probe  
  29  2:43  Probe  
  29  2:55  Probe  
  30  3:30  Pylon  
  30  3:32  Probe (Chrono Boost), Zealot  
  30  3:33  Stargate  
  33  3:35  Probe (Chrono Boost)  
  33  3:40  Gateway  
  34  3:44  Probe (Chrono Boost)  
  34  3:52  Probe (Chrono Boost)  
  34  3:53  Probe (Chrono Boost)  
  32  3:56  Pylon  
  32  3:59  Pylon  
  32  4:01  Probe (Chrono Boost)  
  35  4:04  Probe (Chrono Boost)  
  34  4:11  Probe (Chrono Boost)  
  34  4:16  Forge  
  35  4:18  Phoenix (Chrono Boost)  
  35  4:20  Probe x2  
  35  4:23  Gateway  
  39  4:30  Sentry  
  41  4:32  Probe (Chrono Boost)  
  41  4:33  Probe (Chrono Boost)  
  43  4:40  Pylon  
  43  4:44  Probe (Chrono Boost)  
  45  4:47  Phoenix  
  45  4:49  Probe (Chrono Boost)  
  48  4:55  Probe (Chrono Boost)  
  48  4:57  Probe (Chrono Boost)  
  49  5:00  Photon Cannon  
  49  5:03  Zealot  
  49  5:04  Sentry, Probe (Chrono Boost)  
  52  5:09  Assimilator  
  50  5:21  Probe  
  50  5:22  Probe, Phoenix (Chrono Boost)  
  50  5:27  Assimilator  
  54  5:31  Sentry  
  54  5:34  Probe x2  
  58  5:38  Zealot  
  58  5:40  Phoenix  
  59  5:46  Probe x2  
  61  5:52  Protoss Ground Weapons Level 1 (Chrono Boost)  
  61  5:58  Probe x2  
  61  6:02  Zealot x2  
  61  6:03  Stalker  
  69  6:05  Phoenix (Chrono Boost)  
  69  6:10  Gateway  
  71  6:18  Probe x2  
  73  6:26  Twilight Council  
  73  6:29  Forge  
  73  6:32  Pylon, Phoenix  
  75  6:43  Pylon x2  
  75  6:57  Nexus, Phoenix  
  77  7:03  Pylon  
  77  7:12  Protoss Ground Armor Level 1  
  77  7:13  Pylon  
  77  7:17  Zealot  
  77  7:18  Zealot  
  77  7:22  Void Ray  
  85  7:25  Photon Cannon  
  85  7:32  Gateway  
  85  7:35  Gateway  
  85  7:40  Protoss Ground Weapons Level 2 (Chrono Boost)  
  85  7:42  Pylon  
  85  7:43  Pylon  
  85  7:44  Probe x2 (Chrono Boost)  
  87  7:52  Sentry x2  
  87  7:53  Sentry  
  87  7:58  Probe x2 (Chrono Boost)  
  95  8:06  Void Ray  
  95  8:09  Probe x2 (Chrono Boost)  
  95  8:12  Probe (Chrono Boost)  
  98  8:20  Probe x2 (Chrono Boost)  
  98  8:21  Blink  
  98  8:27  Pylon  
  98  8:30  Probe x3  
  98  8:32  Assimilator  
  98  8:33  Assimilator  
  95  8:47  Robotics Facility  
  95  8:49  Robotics Facility  
  95  8:52  Probe x2  
  97  8:57  Probe  
  97  8:58  Stalker  
  97  9:00  Stalker  
  97  9:01  Photon Cannon  
  102  9:03  Gateway  
  102  9:04  Probe x2  
  102  9:05  Gateway  
  102  9:08  Protoss Ground Armor Level 2 (Chrono Boost)  
  104  9:12  Probe  
  104  9:16  Probe x2  
  105  9:23  Sentry x2, Stalker x2  
  112  9:25  Zealot  
  110  9:34  Immortal (Chrono Boost)  
  100  9:47  Robotics Bay  
  100  9:51  Zealot x2, Photon Cannon  
  102  9:53  Sentry  
  102  9:55  Sentry  
  102  10:05  Stalker x2  
  110  10:09  Immortal (Chrono Boost)  
  106  10:17  Sentry  
  106  10:18  Sentry x4  
  106  10:19  Immortal (Chrono Boost)  
  109  10:30  Stalker x2  
  109  10:40  Colossus (Chrono Boost)  
  107  10:56  Extended Thermal Lance (Chrono Boost)  
  101  10:58  Zealot x4  
  108  11:19  Stalker x3  
  108  11:20  Stalker  
  113  11:34  Zealot  
  115  11:49  Pylon  
  115  11:51  Pylon  
  115  11:52  Pylon  
  113  11:56  Warp Prism (Chrono Boost)  
  115  12:07  Colossus (Chrono Boost)  
  119  12:21  Colossus (Chrono Boost)  
  109  12:40  Mothership Core (Chrono Boost)  
  109  12:41  Probe (Chrono Boost)  
  108  12:46  Colossus (Chrono Boost)  
  114  12:55  Stalker x2  
  99  13:13  Stalker  
  95  13:25  Zealot x2  
  80  13:55  Nexus  
  80  14:07  Sentry  
  80  14:09  Sentry  
  81  14:24  Mothership Core  
  81  14:25  Stalker  
  85  14:39  Stalker x3  
  91  15:06  Stalker x2  
  95  15:21  Observer x2 (Chrono Boost)  
  97  15:39  Pylon  
  96  15:53  Stalker x2  
  93  16:17  Stalker x2  
  82  18:02  Photon Cannon  
Show
View Real Time Build Order
Export as new Build Order

Univerze Protoss 

Build Orders:  

Get SALT Encoding   

  12  0:01  Drone  
  13  0:12  Overlord  
  13  0:20  Drone  
  14  0:33  Drone x2  
  16  0:38  Drone  
  17  0:45  Drone  
  18  0:57  Hatchery  
  18  1:03  Drone  
  18  1:07  Drone  
  19  1:18  Drone  
  20  1:21  Spawning Pool  
  19  1:29  Drone  
  20  1:39  Drone  
  21  1:45  Hatchery  
  20  1:52  Overlord  
  20  2:03  Drone  
  20  2:06  Extractor  
  20  2:09  Queen  
  20  2:10  Zergling x2  
  23  2:16  Queen  
  23  2:21  Drone  
  26  2:30  Drone x2  
  28  2:44  Drone x3, Queen  
  30  2:48  Overlord  
  33  3:00  Drone  
  34  3:07  Drone x4  
  34  3:12  Queen  
  40  3:16  Zergling x4  
  42  3:30  Drone x5  
  42  3:31  Overlord  
  47  3:37  Drone x3  
  50  3:47  Overlord  
  49  3:51  Queen  
  49  3:53  Drone x2  
  49  3:55  Extractor  
  50  3:57  Metabolic Boost  
  50  3:59  Drone x2  
  52  4:03  Overlord  
  52  4:07  Drone x2  
  52  4:08  Drone  
  55  4:13  Lair  
  55  4:15  Drone  
  55  4:16  Drone  
  57  4:17  Drone  
  57  4:24  Evolution Chamber  
  56  4:28  Burrow  
  56  4:29  Roach Warren  
  55  4:34  Drone  
  55  4:35  Drone x2  
  58  4:43  Drone  
  58  4:44  Drone x5  
  64  4:48  Drone x2  
  64  4:51  Zergling x8  
  69  4:59  Overlord  
  69  5:04  Extractor  
  69  5:05  Extractor  
  67  5:09  Overlord  
  67  5:10  Overlord x2  
  67  5:12  Zerg Missile Weapons Level 1  
  67  5:18  Overlord  
  67  5:19  Hydralisk Den  
  66  5:24  Hatchery  
  66  5:25  Glial Reconstitution  
  66  5:28  Drone x3  
  69  5:30  Drone x4  
  73  5:39  Drone x5  
  73  5:40  Drone x2  
  80  5:50  Spore Crawler  
  80  5:52  Spore Crawler, Queen  
  80  5:58  Drone x5  
  85  6:15  Spore Crawler, Queen x2  
  88  6:23  Hydralisk Den  
  88  6:24  Drone  
  88  6:25  Drone x2  
  90  6:28  Extractor  
  90  6:30  Extractor  
  85  6:35  Drone x3  
  85  6:36  Drone x2  
  85  6:37  Drone  
  85  6:39  Hatchery, Spore Crawler  
  89  6:42  Spore Crawler  
  88  6:47  Drone x2  
  88  6:48  Drone  
  88  6:53  Overlord x3  
  89  6:57  Overlord x2  
  89  7:12  Hydralisk x7  
  89  7:13  Hydralisk x4  
  89  7:14  Queen  
  113  7:17  Muscular Augments  
  113  7:19  Overlord  
  113  7:21  Roach  
  113  7:22  Roach x3  
  121  7:31  Roach  
  121  7:32  Roach x2  
  127  7:37  Drone  
  127  7:38  Overlord  
  127  7:39  Overlord  
  127  7:43  Roach  
  127  7:44  Roach x3  
  134  7:48  Ravager  
  134  7:50  Queen  
  137  7:59  Roach x9  
  137  8:00  Ravager x3  
  153  8:07  Overlord x3  
  152  8:22  Roach  
  152  8:23  Roach x3  
  158  8:27  Hydralisk x6  
  164  8:38  Hydralisk x2  
  166  8:50  Hydralisk x5  
  176  8:55  Infestation Pit  
  176  8:57  Zerg Missile Weapons Level 2  
  176  9:01  Overlord  
  176  9:02  Evolution Chamber  
  174  9:03  Hatchery  
  174  9:05  Hydralisk  
  174  9:09  Overlord x2  
  171  9:19  Roach x2  
  171  9:20  Roach x4  
  177  9:38  Roach x8  
  181  9:39  Roach  
  181  9:41  Hydralisk  
  193  9:47  Overlord  
  193  9:51  Overseer x2  
  191  9:55  Roach x3  
  197  10:01  Hive  
  197  10:06  Roach  
  199  10:17  Overlord  
  197  10:25  Extractor  
  197  10:26  Extractor  
  191  10:32  Overseer  
  191  10:34  Spire  
  190  10:37  Hatchery  
  190  10:41  Drone x6  
  189  10:49  Hydralisk  
  187  10:50  Hydralisk x2  
  187  10:53  Hatchery  
  187  10:55  Zerg Ground Armor Level 1  
  192  11:35  Viper x2  
  198  11:56  Zerg Flyer Weapons Level 1  
  196  12:19  Overseer  
  196  12:30  Ultralisk Cavern  
  196  12:33  Pathogen Glands  
  196  12:35  Zerg Melee Weapons Level 1  
  188  12:40  Evolution Chamber  
  187  12:54  Drone x3, Spore Crawler  
  187  12:55  Viper x2  
  194  13:11  Mutalisk x15  
  194  13:12  Mutalisk x2  
  188  13:21  Spine Crawler x2  
  188  13:24  Spore Crawler  
  155  13:28  Mutalisk x4  
  153  13:41  Mutalisk x2  
  153  13:48  Extractor x2  
  156  13:51  Zergling x24  
  156  13:52  Zergling x44  
  189  13:56  Adrenal Glands  
  189  14:06  Chitinous Plating  
  189  14:28  Zerg Ground Armor Level 2  
  189  14:38  Extractor  
  189  14:39  Spine Crawler, Extractor  
  189  14:40  Drone x3  
  189  14:41  Drone x3  
  189  14:42  Drone x2  
  194  14:48  Ultralisk  
  194  14:52  Zerg Melee Weapons Level 2  
  200  14:54  Zerg Missile Weapons Level 3  
  200  14:57  Overlord x2  
  200  15:27  Overlord  
  196  15:46  Hatchery  
  196  15:47  Spine Crawler x2, Zerg Flyer Weapons Level 2  
  193  15:50  Spire  
  193  15:56  Hatchery, Ultralisk  
  192  16:08  Overlord  
  184  16:11  Ultralisk x4  
  188  16:28  Ultralisk  
  192  16:39  Ultralisk x2  
  196  16:41  Lurker Den  
  192  17:17  Overlord  
  192  17:19  Pneumatized Carapace  
  192  17:25  Extractor  
  192  17:28  Extractor  
  186  17:40  Spore Crawler  
  186  17:43  Spore Crawler  
  184  17:46  Spore Crawler  
  175  18:20  Nydus Network  
Show
View Real Time Build Order
Export as new Build Order

Shamanas Zerg 

Build Orders:  

Get SALT Encoding   

Show
View Real Time Build Order
Export as new Build Order

Whiplash Zerg 

Build Orders:  

Get SALT Encoding   

Tags
 
Add a new tag
Caveats
  • Supply blocks, unpowered buildings, or Contaminate may cause inaccurate times.
  • Supply counts are checked every 10 seconds.